[Event "European Womens-ch 2025"]
[Site "Rhodes"]
[Date "2025.04.11"]
[Round "11.3"]
[White "Ushenina, Anna"]
[Black "Tsolakidou, Stavroula"]
[Result "1/2-1/2"]
[Annotator "ChessBase"]
[ECO "E63"]
[WhiteElo "2428"]
[BlackElo "2445"]
[PlyCount "56"]
[EventDate "2025.03.29"]
[EventType "swiss"]
[EventCountry "GRE"]
[SourceTitle "playchess.com"]
[Source "ChessBase"]
[SourceQuality "1"]
[TimeControl "40/5400+30:1800+30"]

1. d4 Nf6 2. c4 g6 3. Nc3 Bg7 4. g3 O-O 5. Bg2 d6 6. Nf3 Nc6 7. d5 Na5 8. b3 c5 9. Bb2 a6 10. O-O Rb8 11. Nd2 b5 12. Qc1 Re8 13. Re1 e5 14. dxe6 Bxe6 15. cxb5 axb5 16. Nce4 Bf5 17. Nxf6+ Bxf6 18. Bxf6 Qxf6 19. e4 Bd7 20. e5 Rxe5 21. Ne4 Qe7 22. Qd2 Re8 23. Qxa5 d5 24. Rad1 dxe4 25. Rxe4 Rxe4 26. Bxe4 Qxe4 27. Rxd7 Qb1+ 28. Kg2 Qe4+ 1/2-1/2

[Event "European Womens-ch 2025"]
[Site "Rhodes"]
[Date "2025.04.11"]
[Round "11.4"]
[White "Kulon, Klaudia"]
[Black "Javakhishvili, Lela"]
[Result "1/2-1/2"]
[Annotator "ChessBase"]
[ECO "C47"]
[WhiteElo "2401"]
[BlackElo "2429"]
[PlyCount "21"]
[EventDate "2025.03.29"]
[EventType "swiss"]
[EventCountry "GRE"]
[SourceTitle "playchess.com"]
[Source "ChessBase"]
[SourceQuality "1"]
[TimeControl "40/5400+30:1800+30"]

1. e4 e5 2. Nf3 Nc6 3. Nc3 Nf6 4. d4 exd4 5. Nxd4 Bb4 6. Nxc6 bxc6 7. Bd3 d5 8. exd5 O-O 9. O-O cxd5 10. Bg5 Be6 11. Qf3 1/2-1/2

[Event "European Womens-ch 2025"]
[Site "Rhodes"]
[Date "2025.04.11"]
[Round "11.5"]
[White "Daulyte-Cornette, Deimante"]
[Black "Mkrtchian, Lilit"]
[Result "1/2-1/2"]
[Annotator "ChessBase"]
[ECO "B12"]
[WhiteElo "2389"]
[BlackElo "2388"]
[PlyCount "81"]
[EventDate "2025.03.29"]
[EventType "swiss"]
[EventCountry "GRE"]
[SourceTitle "playchess.com"]
[Source "ChessBase"]
[SourceQuality "1"]
[TimeControl "40/5400+30:1800+30"]

1. e4 c6 2. d4 d5 3. e5 c5 4. Nf3 cxd4 5. Qxd4 Nc6 6. Qf4 e6 7. Nc3 Nge7 8. Bd3 Ng6 9. Qg3 Nb4 10. h4 Nxd3+ 11. cxd3 h5 12. O-O Bd7 13. Ne2 Be7 14. Bg5 Bxg5 15. Nxg5 Qb6 16. b3 Qb4 17. d4 Bb5 18. Nxe6 Bxe2 19. Nc7+ Kf8 20. Nxa8 Bxf1 21. Rxf1 Qxd4 22. Rc1 Kg8 23. e6 Kh7 24. Nc7 Nf4 25. Qf3 Qe4 26. Qxe4+ dxe4 27. Re1 Nxe6 28. Nxe6 fxe6 29. Rxe4 Rc8 30. Rxe6 Rc1+ 31. Kh2 Rc2 32. Re7 Rxf2 33. a3 Ra2 34. a4 b6 35. Rxa7 Rb2 36. Rb7 Rxb3 37. a5 b5 38. a6 Kh6 39. Rb6+ g6 40. Rb8 Ra3 41. Rxb5 1/2-1/2

[Event "European Womens-ch 2025"]
[Site "Rhodes"]
[Date "2025.04.11"]
[Round "11.6"]
[White "Batsiashvili, Nino"]
[Black "Brunello, Marina"]
[Result "1-0"]
[Annotator "ChessBase"]
[ECO "D35"]
[WhiteElo "2473"]
[BlackElo "2330"]
[PlyCount "123"]
[EventDate "2025.03.29"]
[EventType "swiss"]
[EventCountry "GRE"]
[SourceTitle "playchess.com"]
[Source "ChessBase"]
[SourceQuality "1"]
[TimeControl "40/5400+30:1800+30"]

1. d4 d5 2. c4 e6 3. Nc3 Nf6 4. cxd5 exd5 5. Bg5 Be7 6. e3 h6 7. Bh4 c6 8. Bd3 O-O 9. h3 Re8 10. Bg3 Bd6 11. Nge2 a5 12. O-O Na6 13. Qd2 Nc7 14. f3 Ne6 15. Be5 Be7 16. Rad1 b5 17. e4 b4 18. Na4 Nd7 19. Bg3 Nb6 20. Nxb6 Qxb6 21. Bf2 Ba6 22. Bxa6 Qxa6 23. e5 Rad8 24. f4 f5 25. Rc1 Rc8 26. Kh1 Rf8 27. Be3 Kh8 28. Rc2 a4 29. Rd1 Rb8 30. Rcc1 Rbc8 31. Rg1 Qb7 32. Rgd1 Qa6 33. Qe1 Qb7 34. Qf2 Bd8 35. Qf3 Ba5 36. Bf2 Bd8 37. Rd2 Ba5 38. b3 Qb5 39. Rdc2 a3 40. Qh5 Kh7 41. Qf3 Bd8 42. Rd1 Be7 43. Be3 Qb7 44. Kh2 Rf7 45. g4 Rcf8 46. Rdc1 fxg4 47. Qxg4 Nd8 48. Rg1 g5 49. h4 Kh8 50. fxg5 hxg5 51. hxg5 Rh7+ 52. Kg2 Rg8 53. Ng3 c5 54. Rh1 Qa6 55. Rxh7+ Kxh7 56. Qh5+ Kg7 57. Rf2 Rf8 58. Rxf8 Bxf8 59. dxc5 Qd3 60. Qf3 d4 61. Qf6+ Kg8 62. Bf2 1-0

[Event "European Womens-ch 2025"]
[Site "Rhodes"]
[Date "2025.04.11"]
[Round "11.7"]
[White "Khotenashvili, Bella"]
[Black "Zawadzka, Jolanta"]
[Result "1/2-1/2"]
[Annotator "ChessBase"]
[ECO "E66"]
[WhiteElo "2418"]
[BlackElo "2326"]
[PlyCount "84"]
[EventDate "2025.03.29"]
[EventType "swiss"]
[EventCountry "GRE"]
[SourceTitle "playchess.com"]
[Source "ChessBase"]
[SourceQuality "1"]
[TimeControl "40/5400+30:1800+30"]

1. Nf3 Nf6 2. g3 g6 3. d4 Bg7 4. c4 d6 5. Nc3 O-O 6. Bg2 Nc6 7. d5 Na5 8. b3 c5 9. Bb2 a6 10. O-O Rb8 11. Nd2 b5 12. cxb5 axb5 13. Qc2 e6 14. dxe6 fxe6 15. Nde4 Qe7 16. Rad1 Nxe4 17. Nxe4 Bxb2 18. Qxb2 d5 19. Qc3 Nb7 20. Qe5 Ra8 21. Nc3 Qg7 22. Qxg7+ Kxg7 23. Rd2 b4 24. Na4 Bd7 25. Nb6 Rad8 26. Nxd7 Rxd7 27. e4 Rfd8 28. Rfd1 Nd6 29. Rc1 Nxe4 30. Bxe4 dxe4 31. Rxd7+ Rxd7 32. Rxc5 Rd1+ 33. Kg2 e3 34. fxe3 Rd2+ 35. Kh3 Rxa2 36. Rc4 h5 37. g4 Re2 38. Re4 Kf6 39. Kg3 hxg4 40. Kxg4 Rxh2 41. Rxb4 Rg2+ 42. Kf3 Rb2 1/2-1/2

[Event "European Womens-ch 2025"]
[Site "Rhodes"]
[Date "2025.04.11"]
[Round "11.8"]
[White "Zhukova, Natalia"]
[Black "Danielian, Elina"]
[Result "1/2-1/2"]
[Annotator "ChessBase"]
[ECO "A21"]
[WhiteElo "2306"]
[BlackElo "2398"]
[PlyCount "252"]
[EventDate "2025.03.29"]
[EventType "swiss"]
[EventCountry "GRE"]
[SourceTitle "playchess.com"]
[Source "ChessBase"]
[SourceQuality "1"]
[TimeControl "40/5400+30:1800+30"]

1. c4 e5 2. Nc3 d6 3. Nf3 f5 4. g3 Nf6 5. Bg2 Be7 6. O-O O-O 7. b4 a5 8. b5 h6 9. a4 Qe8 10. d4 e4 11. Ne1 c6 12. d5 cxb5 13. Nxb5 Na6 14. Ba3 Qd8 15. Nc2 Ng4 16. Ncd4 Ne5 17. Rc1 Nc5 18. f3 exf3 19. exf3 f4 20. Ne2 Qb6 21. Nxf4 Bg5 22. Qd4 Bxf4 23. gxf4 Ned3 24. Rc2 Bd7 25. Kh1 Rae8 26. Rd2 Bxb5 27. cxb5 Nxf4 28. Rc2 Rf6 29. Rg1 Ne2 30. Rxe2 Rxe2 31. Bh3 Nd7 32. Qg4 Re7 33. Bb2 Rff7 34. Bd4 Qc7 35. Qh4 Nf8 36. Qxh6 Qc4 37. Bf6 Qxd5 38. Bxe7 Rxe7 39. Qh4 Rf7 40. Qe1 Qe5 41. Qxa5 Rf4 42. Qe1 Rxa4 43. Qxe5 dxe5 44. Rc1 Rb4 45. Rc8 Rb1+ 46. Kg2 Kf7 47. Rc7+ Kf6 48. Rxb7 Ng6 49. Kf2 Rb2+ 50. Kg3 Nf4 51. Bf1 g6 52. Rc7 Kg5 53. h4+ Kf6 54. Kg4 Rb1 55. Rc6+ Kg7 56. Kg5 Rxf1 57. Rc7+ Kf8 58. Ra7 Rb1 59. Kf6 Nd5+ 60. Kxg6 Rxb5 61. h5 Ne7+ 62. Kf6 Rb6+ 63. Kg5 Kf7 64. Ra4 Rb1 65. f4 Rg1+ 66. Kh4 Nf5+ 67. Kh3 Rg3+ 68. Kh2 Rg4 69. Ra7+ Kf6 70. Ra6+ Ke7 71. fxe5 Rg5 72. h6 Rh5+ 73. Kg2 Nxh6 74. Kf3 Rh4 75. Rf6 Nf7 76. Ra6 Nxe5+ 77. Ke3 Kd7 78. Ke2 Nc6 79. Ke3 Kd6 80. Kf3 Kd5 81. Ra8 Ne5+ 82. Kg3 Rg4+ 83. Kf2 Kd4 84. Ra4+ Nc4 85. Kf3 Rg8 86. Kf4 Rf8+ 87. Kg5 Kd5 88. Rb4 Nd6 89. Ra4 Nf7+ 90. Kf6 Ne5+ 91. Kg5 Rg8+ 92. Kf5 Nc4 93. Rb4 Ne3+ 94. Kf6 Rf8+ 95. Kg6 Ke5 96. Rb5+ Nd5 97. Ra5 Rd8 98. Kg5 Rg8+ 99. Kh5 Ke4 100. Kh4 Rg1 101. Kh5 Nf6+ 102. Kh6 Rg2 103. Re5+ Kd4 104. Ra5 Nd7 105. Kh5 Ke4 106. Kh4 Ne5 107. Ra4+ Kf5 108. Ra5 Rg1 109. Kh3 Rg8 110. Kh4 Kf4 111. Ra4+ Ke3 112. Kh5 Nf3 113. Ra3+ Kf4 114. Ra4+ Kf5 115. Ra5+ Ne5 116. Kh4 Rg7 117. Kh3 Ke4 118. Ra4+ Ke3 119. Ra3+ Nd3 120. Kh4 Kf4 121. Ra4+ Kf5 122. Ra5+ Ne5 123. Kh3 Rc7 124. Kg3 Rc3+ 125. Kf2 Ke4 126. Ra4+ Nc4 1/2-1/2

[Event "European Womens-ch 2025"]
[Site "Rhodes"]
[Date "2025.04.11"]
[Round "11.9"]
[White "Urh, Zala"]
[Black "Vega Gutierrez, Sabrina"]
[Result "1/2-1/2"]
[Annotator "ChessBase"]
[ECO "D06"]
[WhiteElo "2244"]
[BlackElo "2380"]
[PlyCount "126"]
[EventDate "2025.03.29"]
[EventType "swiss"]
[EventCountry "GRE"]
[SourceTitle "playchess.com"]
[Source "ChessBase"]
[SourceQuality "1"]
[TimeControl "40/5400+30:1800+30"]

1. d4 d5 2. c4 c5 3. cxd5 Nf6 4. Nf3 cxd4 5. Nxd4 Nxd5 6. e4 Nf6 7. Nc3 e5 8. Nb3 Qxd1+ 9. Kxd1 Nc6 10. Bc4 Be6 11. Bxe6 fxe6 12. Be3 Rd8+ 13. Kc1 Ng4 14. Rd1 Nxe3 15. Rxd8+ Kxd8 16. fxe3 Bb4 17. Kd2 Rf8 18. Ke2 Bxc3 19. bxc3 Ke7 20. Rb1 b6 21. a4 Nb8 22. a5 Rc8 23. axb6 axb6 24. Kd3 Nd7 25. Ra1 Rc7 26. Ra8 Kd6 27. Rg8 Ra7 28. Kc4 Nf6 29. Rd8+ Ke7 30. Rb8 Nxe4 31. Rxb6 Rc7+ 32. Kd3 Nxc3 33. e4 Na4 34. Rb4 Nb2+ 35. Kd2 Rd7+ 36. Ke3 Nd3 37. Rb6 Nf4 38. g3 Rd3+ 39. Kf2 Nh3+ 40. Ke2 Rc3 41. Nd2 Kf6 42. Rb5 h5 43. Rb8 g5 44. Rh8 h4 45. Nf3 Rc2+ 46. Ke3 Rg2 47. Rh6+ Kg7 48. Rxe6 hxg3 49. hxg3 Rxg3 50. Rxe5 g4 51. Rf5 Kg6 52. Rf8 Ng1 53. Rg8+ Kh7 54. Rg5 Rxf3+ 55. Kd4 Ne2+ 56. Kd5 g3 57. e5 Rf2 58. e6 Nf4+ 59. Ke4 g2 60. e7 Nh3 61. Ke3 Nxg5 62. Kxf2 Ne4+ 63. Kxg2 Nf6 1/2-1/2

[Event "European Womens-ch 2025"]
[Site "Rhodes"]
[Date "2025.04.11"]
[Round "11.10"]
[White "Milliet, Sophie"]
[Black "Toncheva, Nadya"]
[Result "1-0"]
[Annotator "ChessBase"]
[ECO "D21"]
[WhiteElo "2371"]
[BlackElo "2329"]
[PlyCount "77"]
[EventDate "2025.03.29"]
[EventType "swiss"]
[EventCountry "GRE"]
[SourceTitle "playchess.com"]
[Source "ChessBase"]
[SourceQuality "1"]
[TimeControl "40/5400+30:1800+30"]

1. d4 d5 2. c4 dxc4 3. Nf3 c5 4. e3 cxd4 5. Qxd4 Qxd4 6. Nxd4 a6 7. Bxc4 Nf6 8. Nc3 e6 9. Bd2 Be7 10. Rc1 O-O 11. Be2 Nbd7 12. Nb3 b6 13. f3 Bb7 14. e4 Rac8 15. Kf2 Nc5 16. Nxc5 Bxc5+ 17. Be3 Nd7 18. Rhd1 Rfd8 19. Na4 Bxe3+ 20. Kxe3 Rxc1 21. Rxc1 Rc8 22. Rd1 Bc6 23. Bxa6 Ra8 24. Bb7 Bxa4 25. Rxd7 Bxd7 26. Bxa8 e5 27. Bd5 Kf8 28. Kd3 Ke7 29. Kc4 g6 30. Kb4 f5 31. a4 Kd6 32. a5 bxa5+ 33. Kxa5 g5 34. b4 f4 35. b5 Kc7 36. b6+ Kb8 37. Kb4 g4 38. fxg4 Bxg4 39. Kc5 1-0

[Event "European Womens-ch 2025"]
[Site "Rhodes"]
[Date "2025.04.11"]
[Round "11.11"]
[White "Kiolbasa, Oliwia"]
[Black "Mamedjarova, Turkan"]
[Result "1-0"]
[Annotator "ChessBase"]
[ECO "C54"]
[WhiteElo "2360"]
[BlackElo "2206"]
[PlyCount "83"]
[EventDate "2025.03.29"]
[EventType "swiss"]
[EventCountry "GRE"]
[SourceTitle "playchess.com"]
[Source "ChessBase"]
[SourceQuality "1"]
[TimeControl "40/5400+30:1800+30"]

1. e4 e5 2. Nf3 Nc6 3. Bc4 Bc5 4. c3 Nf6 5. d3 d6 6. b4 Bb6 7. a4 a6 8. O-O h6 9. Nbd2 O-O 10. Ba2 Be6 11. Nc4 Bxc4 12. Bxc4 Ne7 13. a5 Ba7 14. Bb3 Ng6 15. c4 c6 16. Qe2 Nh5 17. g3 Qd7 18. Nh4 Nxh4 19. Qxh5 Ng6 20. Be3 Kh7 21. Qf5 Qd8 22. c5 d5 23. h4 Kh8 24. h5 Ne7 25. Qxe5 Bb8 26. Qb2 f6 27. Rae1 Qd7 28. Kg2 dxe4 29. dxe4 Qg4 30. f4 Qxh5 31. Qd4 Qg4 32. Rh1 Ng6 33. Bd1 Qc8 34. Rh5 Kh7 35. f5 Ne5 36. Bxh6 gxh6 37. Reh1 Rg8 38. Rxh6+ Kg7 39. Bb3 Bc7 40. Rh7+ Kf8 41. Bxg8 Qd8 42. Be6 1-0

[Event "European Womens-ch 2025"]
[Site "Rhodes"]
[Date "2025.04.11"]
[Round "11.12"]
[White "Mammadova, Gulnar"]
[Black "Kirtadze, Anastasia"]
[Result "1-0"]
[Annotator "ChessBase"]
[ECO "B12"]
[WhiteElo "2342"]
[BlackElo "2180"]
[PlyCount "55"]
[EventDate "2025.03.29"]
[EventType "swiss"]
[EventCountry "GRE"]
[SourceTitle "playchess.com"]
[Source "ChessBase"]
[SourceQuality "1"]
[TimeControl "40/5400+30:1800+30"]

1. e4 c6 2. d4 d5 3. e5 c5 4. Nf3 cxd4 5. Qxd4 Nc6 6. Qf4 e6 7. Bd3 Bc5 8. Qg3 g6 9. a3 h5 10. b4 Be7 11. h4 a6 12. O-O Nh6 13. Bxh6 Rxh6 14. Nbd2 Kf8 15. c4 dxc4 16. Bxc4 b5 17. Qf4 g5 18. hxg5 Rg6 19. Be2 Bb7 20. Rad1 Bxg5 21. Nxg5 Qxg5 22. Qxg5 Rxg5 23. f4 Rg8 24. Bf3 Rd8 25. Nb3 Ke7 26. Rc1 Rc8 27. Rc5 Rc7 28. Na5 1-0

[Event "European Womens-ch 2025"]
[Site "Rhodes"]
[Date "2025.04.11"]
[Round "11.13"]
[White "Arabidze, Meri"]
[Black "Doluhanova, Evgeniya"]
[Result "1-0"]
[Annotator "ChessBase"]
[ECO "E20"]
[WhiteElo "2447"]
[BlackElo "2287"]
[PlyCount "83"]
[EventDate "2025.03.29"]
[EventType "swiss"]
[EventCountry "GRE"]
[SourceTitle "playchess.com"]
[Source "ChessBase"]
[SourceQuality "1"]
[TimeControl "40/5400+30:1800+30"]

1. d4 Nf6 2. c4 e6 3. Nc3 Bb4 4. g3 O-O 5. Bg2 d6 6. Nf3 Nbd7 7. O-O e5 8. Qc2 c6 9. a3 Bxc3 10. Qxc3 e4 11. Ng5 d5 12. b3 b5 13. cxb5 cxb5 14. Bf4 h6 15. Nh3 Nb6 16. Rac1 Bf5 17. f3 Qe7 18. g4 Rfc8 19. Qe3 Bg6 20. g5 hxg5 21. Bxg5 Qxa3 22. Rxc8+ Rxc8 23. Bxf6 gxf6 24. fxe4 dxe4 25. Nf4 f5 26. h4 Qb2 27. Kh2 Qc3 28. Qg1 Qc7 29. h5 Nd5 30. e3 Nxf4 31. Rxf4 Bxh5 32. Bxe4+ Kf8 33. Bxf5 Re8 34. Qf2 Bd1 35. b4 Bb3 36. Qg3 Re7 37. e4 f6 38. Qh4 Qc2+ 39. Rf2 Qc7+ 40. e5 Rf7 41. Bg6 fxe5 42. Bxf7 1-0

[Event "European Womens-ch 2025"]
[Site "Rhodes"]
[Date "2025.04.11"]
[Round "11.14"]
[White "Beydullayeva, Govhar"]
[Black "Mkrtchyan, Mariam"]
[Result "1/2-1/2"]
[Annotator "ChessBase"]
[ECO "D17"]
[WhiteElo "2400"]
[BlackElo "2282"]
[PlyCount "166"]
[EventDate "2025.03.29"]
[EventType "swiss"]
[EventCountry "GRE"]
[SourceTitle "playchess.com"]
[Source "ChessBase"]
[SourceQuality "1"]
[TimeControl "40/5400+30:1800+30"]

1. d4 d5 2. c4 c6 3. Nf3 Nf6 4. Nc3 dxc4 5. a4 Bf5 6. Ne5 e6 7. f3 c5 8. e4 cxd4 9. exf5 Nc6 10. Nxc6 bxc6 11. fxe6 fxe6 12. Bxc4 dxc3 13. Qe2 cxb2 14. Qxe6+ Qe7 15. Qxe7+ Bxe7 16. Bxb2 O-O-O 17. O-O Bc5+ 18. Kh1 Bd4 19. Rab1 Bxb2 20. Rxb2 Kc7 21. Rc1 Rhe8 22. Kg1 Nd5 23. Kf2 a5 24. Bxd5 Rxd5 25. Rcb1 Kd6 26. Rc1 Kc7 27. Rcb1 Kd6 28. Rc2 Kc7 29. g4 Rd4 30. Rcb2 Kd6 31. Rb7 Re7 32. Rxe7 Kxe7 33. Rb7+ Kf6 34. Rc7 Rc4 35. h4 h6 36. h5 Rxa4 37. Rxc6+ Kf7 38. Ra6 Ra3 39. Kg3 Ra4 40. Ra8 Ke7 41. Ra7+ Kf6 42. Kf2 Ra2+ 43. Ke3 Ra4 44. Ke2 Ra3 45. Kf2 Ra2+ 46. Kg3 Ra4 47. Kg2 Ra2+ 48. Kf1 Ra1+ 49. Ke2 Ra3 50. Ra6+ Kf7 51. Kf2 Ke7 52. Ra7+ Kf8 53. Kg2 Kg8 54. Kg3 Ra4 55. f4 Ra3+ 56. Kf2 Kf8 57. Kg2 Ra2+ 58. Kf3 Ra4 59. Ra8+ Ke7 60. Ra6 Kf7 61. Ra7+ Kf6 62. Ra6+ Ke7 63. Ra8 Kf6 64. Rf8+ Ke7 65. Rf5 Ke6 66. Re5+ Kf6 67. Rf5+ Ke6 68. Re5+ Kf6 69. Rb5 Ra3+ 70. Kf2 Ra2+ 71. Kg3 Ra3+ 72. Kh4 Ra4 73. Rb6+ Kf7 74. Rb7+ Kf6 75. Rb6+ Kf7 76. Kg3 Rb4 77. Ra6 Rb3+ 78. Kh4 Rb4 79. Ra7+ Kf6 80. Ra6+ Kf7 81. Ra7+ Kf6 82. Ra6+ Kf7 83. Ra7+ Kf6 1/2-1/2

[Event "European Womens-ch 2025"]
[Site "Rhodes"]
[Date "2025.04.11"]
[Round "11.15"]
[White "Calzetta Ruiz, Monica"]
[Black "Fataliyeva, Ulviyya"]
[Result "0-1"]
[Annotator "ChessBase"]
[ECO "C76"]
[WhiteElo "2230"]
[BlackElo "2387"]
[PlyCount "76"]
[EventDate "2025.03.29"]
[EventType "swiss"]
[EventCountry "GRE"]
[SourceTitle "playchess.com"]
[Source "ChessBase"]
[SourceQuality "1"]
[TimeControl "40/5400+30:1800+30"]

1. e4 e5 2. Nf3 Nc6 3. Bb5 a6 4. Ba4 d6 5. O-O Bd7 6. c3 g6 7. d4 Bg7 8. d5 Nce7 9. c4 b5 10. Bb3 Nf6 11. Re1 bxc4 12. Bxc4 O-O 13. Nc3 c6 14. dxc6 Bxc6 15. Bg5 Ra7 16. Qd2 Qb8 17. Rad1 Nc8 18. h3 Kh8 19. Re2 Ng8 20. Be3 Rd7 21. Bxa6 f5 22. Qd3 Qa8 23. Ng5 h6 24. Bxc8 Rxc8 25. Ne6 fxe4 26. Qb1 d5 27. Nxg7 Kxg7 28. Red2 d4 29. Bxd4 exd4 30. Rxd4 Rxd4 31. Rxd4 Re8 32. Rd6 Ne7 33. g4 Nc8 34. Rd2 e3 35. fxe3 Rxe3 36. Rd8 Rg3+ 37. Kf2 Qa7+ 38. Kxg3 Qe3+ 0-1

[Event "European Womens-ch 2025"]
[Site "Rhodes"]
[Date "2025.04.11"]
[Round "11.16"]
[White "Socko, Monika"]
[Black "Ter-Avetisjana, Agnesa Stepania"]
[Result "1/2-1/2"]
[Annotator "ChessBase"]
[ECO "B13"]
[WhiteElo "2369"]
[BlackElo "2100"]
[PlyCount "227"]
[EventDate "2025.03.29"]
[EventType "swiss"]
[EventCountry "GRE"]
[SourceTitle "playchess.com"]
[Source "ChessBase"]
[SourceQuality "1"]
[TimeControl "40/5400+30:1800+30"]

1. e4 c6 2. d4 d5 3. exd5 cxd5 4. Bd3 Nc6 5. c3 Qc7 6. h3 g6 7. Nf3 Bf5 8. Bxf5 gxf5 9. Qe2 e6 10. O-O Bg7 11. c4 Nge7 12. Nc3 Rd8 13. Bg5 Rd7 14. Nb5 Qb8 15. c5 O-O 16. Qd2 Ng6 17. Nd6 f6 18. Bf4 e5 19. Bh2 Nce7 20. Rfe1 f4 21. Kh1 e4 22. Ng1 Bh6 23. Ne2 Rxd6 24. cxd6 Qxd6 25. h4 Qd7 26. Nxf4 Qg4 27. Qe2 Qxh4 28. Qh5 Qxh5 29. Nxh5 Kf7 30. f3 exf3 31. gxf3 Rc8 32. Re2 Nf5 33. Rd1 Rc4 34. f4 Nxd4 35. Red2 Nf5 36. Rxd5 Nge7 37. Rd7 Rb4 38. Ng3 Ne3 39. Re1 Bxf4 40. Bg1 Bxg3 41. Rxe3 Be5 42. Rxe7+ Kxe7 43. Rxe5+ fxe5 44. Bc5+ Ke6 45. Bxb4 Kd5 46. Kg2 Kc4 47. Bd6 e4 48. Kg3 a5 49. Bc7 a4 50. a3 Kd3 51. Kf2 e3+ 52. Ke1 h5 53. Bd8 b5 54. Bf6 e2 55. Bg5 Kc2 56. Kxe2 Kxb2 57. Be7 Kc3 58. Bb4+ Kc4 59. Kf3 Kd5 60. Kf4 Kc6 61. Kg5 Kb6 62. Kxh5 Kc6 63. Kg5 Kb6 64. Kf5 Kc6 65. Ke6 Kc7 66. Kd5 Kd7 67. Bd6 Kd8 68. Kc6 Ke8 69. Bc5 Kd8 70. Bf2 Ke7 71. Bh4+ Ke6 72. Bg3 Ke7 73. Bf4 Ke6 74. Bd6 Kf5 75. Kxb5 Ke6 76. Kc6 Kf7 77. Bg3 Ke7 78. Bc7 Ke8 79. Kd6 Kf7 80. Bd8 Ke8 81. Be7 Kf7 82. Kd7 Kg8 83. Ke6 Kg7 84. Bc5 Kg8 85. Kf6 Kh8 86. Kg6 Kg8 87. Bd6 Kh8 88. Kf7 Kh7 89. Be5 Kh6 90. Kg8 Kg6 91. Bg7 Kh5 92. Kf7 Kg5 93. Bf8 Kf5 94. Bd6 Kg5 95. Be7+ Kh6 96. Ke6 Kg6 97. Bh4 Kg7 98. Ke7 Kg8 99. Bf6 Kh7 100. Kf7 Kh6 101. Bd8 Kh7 102. Bf6 Kh6 103. Kg8 Kg6 104. Bg7 Kh5 105. Kf7 Kg5 106. Bf8 Kf5 107. Be7 Ke5 108. Bh4 Kd6 109. Bg3+ Kc6 110. Ke6 Kb7 111. Kd7 Ka8 112. Kc7 Ka7 113. Kc6 Ka8 114. Kb6 1/2-1/2

[Event "European Womens-ch 2025"]
[Site "Rhodes"]
[Date "2025.04.11"]
[Round "11.17"]
[White "Roebers, Eline"]
[Black "Avramidou, Anastasia"]
[Result "1/2-1/2"]
[Annotator "ChessBase"]
[ECO "C70"]
[WhiteElo "2367"]
[BlackElo "2275"]
[PlyCount "77"]
[EventDate "2025.03.29"]
[EventType "swiss"]
[EventCountry "GRE"]
[SourceTitle "playchess.com"]
[Source "ChessBase"]
[SourceQuality "1"]
[TimeControl "40/5400+30:1800+30"]

1. e4 e5 2. Nf3 Nc6 3. Bb5 a6 4. Ba4 Nge7 5. Nc3 d6 6. Bb3 Na5 7. d4 Nxb3 8. axb3 f6 9. h3 Ng6 10. Qd3 Be6 11. d5 Bd7 12. Ne2 Be7 13. c4 O-O 14. g4 c6 15. Ng3 cxd5 16. Qxd5+ Kh8 17. Nf5 Bc6 18. Qd3 Re8 19. Kf1 Nf8 20. h4 Ne6 21. Be3 Bf8 22. h5 Kg8 23. N3h4 Nc5 24. Bxc5 dxc5 25. Qe3 h6 26. Kg2 Qd7 27. Rhd1 Qf7 28. Rd5 b5 29. Ng6 a5 30. Rad1 Bxd5 31. exd5 a4 32. cxb5 axb3 33. Qxb3 Rab8 34. Kg1 Rb6 35. Qc4 Kh7 36. Qe4 Kg8 37. Qc4 Kh7 38. Qe4 Kg8 39. Qc4 1/2-1/2

[Event "European Womens-ch 2025"]
[Site "Rhodes"]
[Date "2025.04.11"]
[Round "11.18"]
[White "Yao, Lan"]
[Black "Guichard, Pauline"]
[Result "1-0"]
[Annotator "ChessBase"]
[ECO "B18"]
[WhiteElo "2294"]
[BlackElo "2355"]
[PlyCount "95"]
[EventDate "2025.03.29"]
[EventType "swiss"]
[EventCountry "GRE"]
[SourceTitle "playchess.com"]
[Source "ChessBase"]
[SourceQuality "1"]
[TimeControl "40/5400+30:1800+30"]

1. e4 c6 2. d4 d5 3. Nd2 dxe4 4. Nxe4 Bf5 5. Ng3 Bg6 6. c3 e6 7. N1e2 Nf6 8. Nf4 Bd6 9. h4 Qc7 10. Qf3 Nbd7 11. h5 Bc2 12. h6 g6 13. Bd3 Bxd3 14. Nxd3 e5 15. O-O O-O 16. dxe5 Bxe5 17. Nxe5 Qxe5 18. Rd1 Qe6 19. Bg5 Nd5 20. Re1 Ne5 21. Qe4 Rae8 22. Qd4 f6 23. Bd2 Qf7 24. Ne4 Rd8 25. Qxa7 Nd3 26. c4 Nxe1 27. Rxe1 Ra8 28. Qd4 Nc7 29. Bc3 Rae8 30. Re3 c5 31. Qxf6 Qxf6 32. Nxf6+ Rxf6 33. Bxf6 Rxe3 34. fxe3 Kf7 35. Be5 Ne8 36. Kf2 Ke6 37. Bf4 Kf5 38. Kf3 g5 39. e4+ Kg6 40. Bb8 Kxh6 41. Ba7 Kg6 42. Bxc5 h5 43. a4 Nc7 44. b4 Ne6 45. Bd6 Kf6 46. Ke3 h4 47. a5 g4 48. b5 1-0

[Event "European Womens-ch 2025"]
[Site "Rhodes"]
[Date "2025.04.11"]
[Round "11.19"]
[White "Khachatryan, Anna"]
[Black "Sliwicka, Alicja"]
[Result "1/2-1/2"]
[Annotator "ChessBase"]
[ECO "E04"]
[WhiteElo "2091"]
[BlackElo "2342"]
[PlyCount "213"]
[EventDate "2025.03.29"]
[EventType "swiss"]
[EventCountry "GRE"]
[SourceTitle "playchess.com"]
[Source "ChessBase"]
[SourceQuality "1"]
[TimeControl "40/5400+30:1800+30"]

1. d4 Nf6 2. Nf3 e6 3. c4 d5 4. g3 dxc4 5. Bg2 Bb4+ 6. Bd2 a5 7. Qc2 Bxd2+ 8. Qxd2 c6 9. a4 b5 10. axb5 cxb5 11. Qg5 Nbd7 12. Qxb5 Rb8 13. Qxc4 Rxb2 14. O-O O-O 15. Nc3 Bb7 16. Rfb1 Rxb1+ 17. Rxb1 Qa8 18. Qc7 Bc6 19. Ra1 Rc8 20. Qd6 Qa7 21. Na4 Qb7 22. Ne1 Bxg2 23. Nxg2 Rc2 24. Nf4 g5 25. Nd3 Rxe2 26. Nac5 Nxc5 27. dxc5 Kg7 28. c6 Qb6 29. Qc5 Qxc5 30. Nxc5 Rc2 31. Rxa5 Nd5 32. h3 h6 33. Kf1 h5 34. Ke1 g4 35. hxg4 hxg4 36. Kd1 Rc4 37. Kd2 Rd4+ 38. Ke2 Kf6 39. Nd7+ Ke7 40. Ra7 Kd6 41. Nb8 Nc7 42. Na6 Nxa6 43. Rxa6 Rc4 44. c7+ Kd7 45. Ke3 Rxc7 46. Ra3 Rc4 47. Kd3 Rb4 48. Ke3 Ke7 49. Rc3 Kf6 50. Ra3 Kf5 51. Ke2 Rb2+ 52. Ke3 e5 53. Ra5 Rb3+ 54. Ke2 f6 55. Rc5 Rb4 56. Rc6 Re4+ 57. Kd3 Rd4+ 58. Ke3 Rd7 59. Ra6 Re7 60. Ra5 Rd7 61. Ra6 Rd5 62. Rb6 Kg5 63. Rb8 Ra5 64. Rg8+ Kf5 65. Rb8 Ra3+ 66. Ke2 Ke6 67. Rb6+ Kf7 68. Rb7+ Kg6 69. Rb6 Rf3 70. Ra6 Rb3 71. Rc6 Rb5 72. Ra6 Kg5 73. Ra8 f5 74. Rg8+ Kf6 75. Rf8+ Ke6 76. Ke3 Rb3+ 77. Ke2 Rb7 78. Ke3 Rf7 79. Re8+ Kf6 80. Rg8 Rg7 81. Rf8+ Rf7 82. Rg8 Ke7 83. Ra8 Rf6 84. Ra5 Re6 85. Ra8 Kf7 86. Rb8 Ra6 87. Rc8 Ra3+ 88. Ke2 f4 89. gxf4 exf4 90. Rc4 Rf3 91. Rc6 Kg7 92. Ra6 Kh7 93. Rb6 Ra3 94. Rb4 Rf3 95. Rb6 Kg7 96. Ra6 Kf7 97. Rb6 Rh3 98. Rb4 Rf3 99. Rb6 Ra3 100. Rb4 f3+ 101. Kd2 Ra2+ 102. Ke3 Re2+ 103. Kf4 Rxf2 104. Kxg4 Ke6 105. Rf4 Rf1 106. Rxf3 Rxf3 107. Kxf3 1/2-1/2

[Event "European Womens-ch 2025"]
[Site "Rhodes"]
[Date "2025.04.11"]
[Round "11.20"]
[White "Savina, Anastasia"]
[Black "Karacsonyi, Kata"]
[Result "1-0"]
[Annotator "ChessBase"]
[ECO "E92"]
[WhiteElo "2331"]
[BlackElo "2198"]
[PlyCount "105"]
[EventDate "2025.03.29"]
[EventType "swiss"]
[EventCountry "GRE"]
[SourceTitle "playchess.com"]
[Source "ChessBase"]
[SourceQuality "1"]
[TimeControl "40/5400+30:1800+30"]

1. d4 Nf6 2. c4 g6 3. Nc3 Bg7 4. e4 d6 5. Be2 O-O 6. Nf3 e5 7. d5 a5 8. Bg5 h6 9. Be3 Ng4 10. Bd2 f5 11. h3 Nf6 12. exf5 gxf5 13. g4 Ne4 14. g5 Nxc3 15. Bxc3 hxg5 16. Qd2 f4 17. Rg1 g4 18. hxg4 Nd7 19. O-O-O Nc5 20. Rh1 Kf7 21. Qc2 Rh8 22. Rxh8 Qxh8 23. Ng5+ Ke7 24. Bf3 Qh6 25. Ne4 Nxe4 26. Qxe4 Kf7 27. Rh1 Qg6 28. Qxg6+ Kxg6 29. Be4+ Kf6 30. f3 Bd7 31. Be1 b6 32. Rh7 Kf7 33. Bh4 Rf8 34. Bg5 Kg8 35. Kd2 Bc8 36. Kd3 Bd7 37. b3 Bc8 38. Rh2 Kf7 39. Rh7 Kg8 40. Rh2 Kf7 41. a3 Bd7 42. Rh1 Kg8 43. Rh5 Kf7 44. Bh4 Kg8 45. Bh7+ Kf7 46. Bf5 Bc8 47. Ke4 Rg8 48. Rh7 Bxf5+ 49. gxf5 Kf8 50. f6 Bh8 51. Rxc7 Bxf6 52. Bxf6 Rg3 53. Be7+ 1-0